cohdb
Replays
Latest Replays
All Replays
Popular Replays
Top Player Replays
Match Explorer
How It Works
Community
CoH3 Stats
Reddit
Sign in to upload your games and track your stats! →
Sign in with Steam
Match 47284305
Unlisted
Match 47284305
Overview
Messages
Build Orders
End
Pioneer Squad
Construct Infanterie Kompanie
Selects Terror Battlegroup
Selects Machine Gun Camouflage
Grenadier Squad
MG 42 Machine Gun Team
Grenadier Squad
Infanterie Officer Quarters
Grenadier Squad
Selects Contempt for the Weak
Grenadier Squad
Construct Panzergrenadier Kompanie
Support Elements
Nebelwerfer 42 Rocket Launcher Team
Grenadier Squad
Selects Defend the Fatherland
Construct Panzer Kompanie
Stoßtruppen Squad
Panzer IV Medium Tank
Pioneer Squad
Stoßtruppen Squad
Pak 40 Anti-tank Gun Team
Panzer IV Medium Tank
Selects King Tiger Heavy Tank
King Tiger Heavy Tank
Pioneer Squad
Selects Jericho Trumpet
Jericho Trumpet
Panzer Officer Quarters
Panzergrenadier Officer Quarters
Medical Station
Jericho Trumpet
Jericho Trumpet
Demi
panzerhenk
Boneless
Arwootarch
0
0
Comments
sign in to comment!
No comments posted yet!